 Dungeon Sprint DCSS version 0.29.1-2-gbd0b4ee654 (webtiles) character file.

Game seed: 17337540107212599170

4823 boopmooplesden the Warrior (level 10, -2/108 HPs)
             Began as a Minotaur Berserker on Nov 25, 2022.
             Was a High Priest of Trog.
             Slain by a killer bee (3 damage)
             ... in the Dungeon (Sprint III: "The Ten Rune Challenge").
             The game lasted 00:04:15 (2059 turns).

boopmooplesden the Warrior (Minotaur Berserker)     Turns: 2059, Time: 00:04:15

Health: -2/108     AC: 13    Str: 26    XL:     10   Next: 25%
Magic:  8/8        EV: 10    Int:  4    God:    Trog [*****.]
Gold:   3839       SH:  0    Dex: 10    Spells: 9/9 levels left

rFire   . . .      SeeInvis .   q - +3 glaive (vorpal)
rCold   . . .      Faith    .   (shield currently unavailable)
rNeg    . . .      Spirit   .   s - +0 plate armour
rPois   .          Reflect  .   (helmet restricted)
rElec   .          Harm     .   (no cloak)
rCorr   .          Rampage  .   (no gloves)
Will    .....      NoTele   +   (no boots)
Stlth   ..........              (no amulet)
HPRegen 0.28/turn               (no ring)
MPRegen 0.11/turn               (no ring)

@: lethally poisoned (-2 -> -3), on berserk cooldown, slowed, very slow
A: horns 2, retaliatory headbutt, low MP 1
a: Renounce Religion, Berserk, Trog's Hand, Brothers in Arms


You were in the Dungeon.
You worshipped Trog.
Trog was extremely pleased with you.
You visited 1 branch You collected 3839 gold pieces.

Inventory:

Hand Weapons
 a - a +0 mace
 c - a +5 great mace
 p - a +2 long sword of holy wrath
 q - a +3 vorpal glaive (weapon)
Armour
 b - a +0 animal skin
 j - a +0 robe
 o - a +0 leather armour
 s - a +0 plate armour (worn)
Scrolls
 i - 2 scrolls of poison {unknown}
 k - 4 scrolls of identify
 n - a scroll of immolation {unknown}
Potions
 e - a potion of haste
 f - 2 potions of magic
 g - a potion of berserk rage
 l - 3 potions of flight
 m - 6 potions of mutation
Miscellaneous
 r - a phantom mirror


   Skills:
 + Level 16.6 Fighting
 + Level 5.1 Long Blades
 + Level 15.7 Maces & Flails
 + Level 13.0 Polearms
 + Level 7.0 Armour
 + Level 9.4 Dodging
 + Level 1.6 Stealth


You had 9 spell levels left.
You didn't know any spells.
Your spell library was empty.

Dungeon Overview and Level Annotations

Branches:
Dungeon (1/1)

Altars:
Cheibriados
Dithmenos
Elyvilon
Fedhas
Gozag
Hepliaklqana
Kikubaaqudgha
Makhleb
Nemelex Xobeh
Okawaru
Qazlal
Ru
Sif Muna
Trog
Uskayaw
Vehumet
Wu Jian
Xom
Yredelemnul
Zin
The Shining One
Jiyva
Lugonu

Shops:
D !


Innate Abilities, Weirdness & Mutations

You have a pair of horns on your head.
You reflexively headbutt those who attack you in melee.
Your magical capacity is low. (-10% MP)


Message History

The killer bee stings you. The killer bee closely misses you.
You slice the killer bee!!
You kill the killer bee!
Trog accepts your kill.
You feel very sick.
You hear an angry buzzing noise. x2
The killer bee stings you but does no damage.
The killer bee closely misses you.
Your Armour skill increases to level 7!
You slash the killer bee!
You kill the killer bee!
Trog accepts your kill.
You feel very sick.
You hear an angry buzzing noise. x2
The killer bee closely misses you. You furiously retaliate!
You headbutt the killer bee, but do no damage.
Your Polearms skill increases to level 13!
You closely miss the killer bee.
You feel sick. The killer bee stings you.
* * * LOW HITPOINT WARNING * * *
The killer bee stings you.
* * * LOW HITPOINT WARNING * * *
The killer bee stings you but does no damage.
You miss the killer bee. Your headbutt misses the killer bee.
You feel sick. The killer bee stings you!
* * * LOW HITPOINT WARNING * * *
The killer bee stings you but does no damage. x2
You slash the killer bee!
You kill the killer bee!
Trog accepts your kill.
You feel sick.
The killer bee stings you but does no damage.
The killer bee barely misses you. You furiously retaliate!
You headbutt the killer bee! The killer bee stings you!
* * * LOW HITPOINT WARNING * * *
The killer bee stings you but does no damage.
You slash the killer bee! Your headbutt misses the killer bee.
The killer bee is almost dead.
* * * LOW HITPOINT WARNING * * *
You feel sick. The killer bee misses you. The killer bee stings you.
You die...

__##.....#...+ ._#..........#
)##..........# ..#.)).......#
..#.)##.∩#..## #'#)####.##.#
..#)###########################
..#.)..#.#.#.....#.....yyy.yy≈#
..##.#).#.##)###@#..^^..#..yy≈#
..'##.#.#.##.#yy##..^^..#


yyy≈≈ ..#.).#..#..##.y'yyyyy..# yy~~ ▓▓▓▓▓▓▓▓▓▓▓▓▓▓▓▓#yy§...^# .y. #......^# ..
+.......# . #.^...^.# ##+###### You could see 3 killer bees.

Vanquished Creatures
  Erolcha (D)
  An orc high priest (D)
  An orc knight (D)
  A deep elf pyromancer (D)
  A shadow (D)
  2 redbacks (D)
  A spatial vortex (D)
  An orc warrior (D)
  5 two-headed ogres (D)
  A necrophage (D)
  A water elemental (D)
  9 killer bees (D)
  A jelly (D)
  Jessica (D)
  A wizard (D)
  A necromancer (D)
  An orc wizard (D)
  3 humans (D)
  A kobold demonologist (D)
  A wolf (D)
  A dart slug (D)
  3 orcs (D)
  3 rats (D)
42 creatures vanquished.

Vanquished Creatures (collateral kills)
  4 orc warriors (D)
  An orc priest (D)
  An orc wizard (D)
  4 orcs (D)
10 creatures vanquished.

Grand Total: 52 creatures vanquished

Notes
Turn   | Place    | Note
-------+----------+-------------------------------------------
     0 | D        | boopmooplesden the Minotaur Berserker began the quest for
                  | the Orb.
     0 | D        | Reached XP level 1. HP: 19/19 MP: 0/0
    10 | D        | Reached skill level 4 in Fighting
    23 | D        | Noticed Jessica
    35 | D        | Killed Jessica
    35 | D        | Reached ** piety under Trog
    36 | D        | Reached skill level 5 in Fighting
    36 | D        | Reached skill level 5 in Maces & Flails
    36 | D        | Reached XP level 2. HP: 28/30 MP: 1/1
    63 | D        | Reached skill level 6 in Fighting
    63 | D        | Reached XP level 3. HP: 37/37 MP: 2/2
    69 | D        | Reached *** piety under Trog
   155 | D        | Noticed a water elemental
   160 | D        | Killed a water elemental
   161 | D        | Reached skill level 7 in Fighting
   161 | D        | Reached XP level 4. HP: 14/48 MP: 3/3
   390 | D        | Found a basalt altar of Yredelemnul.
   390 | D        | Found a shadowy altar of Dithmenos.
   390 | D        | Found a sacrificial altar of Ru.
   390 | D        | Noticed a necrophage
   394 | D        | Reached skill level 8 in Fighting
   394 | D        | Reached XP level 5. HP: 40/53 MP: 4/4
   398 | D        | Reached skill level 9 in Fighting
   501 | D        | Found a radiant altar of Vehumet.
   503 | D        | Found a shimmering blue altar of Sif Muna.
   503 | D        | Found an ancient bone altar of Kikubaaqudgha.
   506 | D        | Reached **** piety under Trog
   507 | D        | Reached skill level 10 in Maces & Flails
   508 | D        | Reached skill level 5 in Armour
   508 | D        | Reached skill level 5 in Dodging
   649 | D        | Found a hide-covered altar of Uskayaw.
   649 | D        | Found an iron altar of Okawaru.
   649 | D        | Found a bloodstained altar of Trog.
   649 | D        | Found an ornate altar of the Wu Jian Council.
   649 | D        | Noticed a human
   649 | D        | Noticed a human
   658 | D        | Killed a human
   659 | D        | Reached skill level 10 in Fighting
   659 | D        | Reached XP level 6. HP: 67/67 MP: 5/5
   660 | D        | Killed a human
   661 | D        | Reached skill level 11 in Fighting
   661 | D        | Reached XP level 7. HP: 74/74 MP: 6/6
   782 | D        | Found a glowing silver altar of Zin.
   783 | D        | Found a glowing golden altar of the Shining One.
   783 | D        | Found a white marble altar of Elyvilon.
   783 | D        | Noticed a deep elf pyromancer
   787 | D        | Killed a deep elf pyromancer
   787 | D        | Reached ***** piety under Trog
   788 | D        | Reached skill level 12 in Fighting
   825 | D        | Noticed a shadow
   835 | D        | Killed a shadow
   835 | D        | Received a gift from Trog
   836 | D        | Reached skill level 13 in Fighting
   836 | D        | Reached skill level 1 in Long Blades
   836 | D        | Reached XP level 8. HP: 28/86 MP: 7/7
  1076 | D        | Found a blossoming altar of Fedhas.
  1076 | D        | Found a stormy altar of Qazlal.
  1076 | D        | Found a snail-covered altar of Cheibriados.
  1076 | D        | Found a burning altar of Makhleb.
  1076 | D        | Found a shimmering altar of Xom.
  1077 | D        | Found a hazy altar of Hepliaklqana.
  1077 | D        | Found an opulent altar of Gozag.
  1077 | D        | Found a sparkling altar of Nemelex Xobeh.
  1077 | D        | Found a corrupted altar of Lugonu.
  1077 | D        | Found a viscous altar of Jiyva.
  1247 | D        | Reached skill level 1 in Polearms
  1485 | D        | Noticed a two-headed ogre
  1491 | D        | Killed a two-headed ogre
  1492 | D        | Reached skill level 14 in Fighting
  1492 | D        | Reached skill level 15 in Maces & Flails
  1529 | D        | Noticed a two-headed ogre
  1529 | D        | Noticed Erolcha
  1533 | D        | Killed a two-headed ogre
  1534 | D        | Reached skill level 5 in Polearms
  1534 | D        | Reached XP level 9. HP: 96/96 MP: 8/8
  1536 | D        | Killed Erolcha
  1536 | D        | Received a gift from Trog
  1537 | D        | Reached skill level 15 in Fighting
  1537 | D        | Reached skill level 1 in Stealth
  1798 | D        | Noticed an orc knight
  1805 | D        | Noticed an orc high priest
  1807 | D        | Killed an orc knight
  1808 | D        | Reached skill level 5 in Long Blades
  1818 | D        | Reached skill level 16 in Fighting
  1818 | D        | Reached skill level 10 in Polearms
  1820 | D        | Gained mutation: Your magical capacity is low. (-10% MP) [a
                  | neqoxec]
  1821 | D        | Killed an orc high priest
  1821 | D        | HP: 5/100 [orc warrior/+0 hand axe (20)]
  1822 | D        | Reached XP level 10. HP: 5/107 MP: 8/8
  1835 | D        | Received a gift from Trog
  1847 | D        | Found Agaaned's Distillery.
  2043 | D        | Received a gift from Trog
  2058 | D        | HP: 2/108 [killer bee (7)]
  2059 | D        | Slain by a killer bee

Illustrated notes

Levels and vault maps discovered:
D:        dungeon_sprint_mu [sprint_mu_entry_cave, sprint_mu_temple_rooms,
          sprint_mu_d1_spiders, sprint_mu_d2_genie, sprint_mu_d3_branching,
          sprint_mu_orc_legion, sprint_mu_elf_gauntlet, sprint_mu_hive_nellie,
          sprint_mu_lair_fedhas, sprint_mu_vaults_butterflies,
          sprint_mu_slime_circle, sprint_mu_swamp_cave, sprint_mu_shoals_kraken,
          sprint_mu_blade_basic, sprint_mu_crypt_lich, sprint_mu_tomb_spiral,
          sprint_mu_vestibule_basic, sprint_mu_gehenna_hellfire,
          sprint_mu_dis_giant, sprint_mu_tartarus_statrot,
          sprint_mu_cocytus_islands, sprint_mu_zot1]

Skill      XL: |  1  2  3  4  5  6  7  8  9 10 |
---------------+-------------------------------+-----
Fighting       | 5 6 7 8 10 11 13 14 16 | 16.6
Maces & Flails | 5 6 8 11 12 14 15 | 15.7
Armour         | 3 4 5 6 7 |  7.0
Dodging        | 3 4 5 6 7 8 9 |  9.4
Long Blades    | 1 3 5 |  5.1
Polearms       | 5 11 13 | 13.0
Stealth        | 1 |  1.6

Action                   |  1- 3 |  4- 6 |  7- 9 | 10-12 || total
-------------------------+-------+-------+-------+-------++-------
Melee: Mace              |    20 |    19 |     3 |       ||    42
       Headbutt          |     2 |     8 |     8 |     1 ||    19
       Long sword        |       |       |    10 |       ||    10
       Glaive            |       |       |    40 |    22 ||    62
Invok: Berserk           |     2 |     3 |     5 |     1 ||    11
       Brothers in Arms  |       |       |     1 |     1 ||     2
       Trog's Hand       |       |       |       |     1 ||     1
  Use: Potion            |       |       |     1 |     3 ||     4
       Scroll            |       |       |       |     1 ||     1
Armor: Robe              |     1 |     1 |       |       ||     2
       Leather armour    |       |       |     3 |       ||     3
       Plate armour      |       |       |       |    38 ||    38
Dodge: Dodged            |    14 |     8 |    47 |    45 ||   114
